 Dungeon Crawl Stone Soup version 0.18-b1-14-g029dad2 (webtiles) character file.

130 Chiseanne the Magician (level 4, -2/30 HPs)
             Began as a Demonspawn Wizard on Apr 30, 2016.
             Was an Initiate of Gozag.
             Slain by a gnoll
             ... wielding a +0 spear
              (3 damage)
             ... on level 3 of the Dungeon.
             The game lasted 00:06:16 (3369 turns).

Chiseanne the Magician (Demonspawn Wizard)          Turns: 3369, Time: 00:06:16

Health: -2/30      AC:  3    Str: 12    XL:     4   Next: 90%
Magic:  9/10       EV: 11    Int: 25    God:    Gozag
Gold:   224        SH:  0    Dex: 12    Spells: 5 memorised, 0 levels left

rFire  + . .     SeeInvis .     h - +0 long sword
rCold  . . .     Gourm    .     p - +0 leather armour
rNeg   . . .     Faith    .     (no shield)
rPois  .         Spirit   .     b - +0 hat
rElec  .         Dismiss  .     (no cloak)
rCorr  .         Reflect  .     (no gloves)
SustAt .         Harm     .     (no boots)
MR     .....                    (no amulet)
Stlth  ++........               (no ring)
                                (no ring)

@: mighty, brilliant, not resistant to hostile enchantments, unstealthy
A: fire resistance 1
a: Potion Petition, Call Merchant, Bribe Branch, Renounce Religion


You were on level 3 of the Dungeon.
You worshipped Gozag.
Gozag was noncommittal.
You were not hungry.

You visited 1 branch of the dungeon, and saw 3 of its levels.

You collected 240 gold pieces.
You paid 16 gold pieces to Gozag.

Inventory:

Hand Weapons
 h - a +0 long sword (weapon)
Missiles
 a - 30 arrows
 j - 100 stones (quivered)
 k - 13 sling bullets
 n - 17 bolts
Armour
 b - a +0 hat (worn)
 p - a +0 leather armour (worn)
Potions
 g - a potion of agility {unknown}
 l - a potion of degeneration {unknown}
 m - a potion of haste {unknown}
 o - a potion of heal wounds {unknown}
Books
 c - a book of Minor Magic

   Spells                             Type                      Level
   a - Magic Dart                     Conjuration                  1
   b - Blink                          Translocation                2
   c - Call Imp                       Summoning                    2
   d - Repel Missiles                 Charms/Air                   2
   e - Slow                           Hexes                        2
   f - Conjure Flame                  Conjuration/Fire             3
   g - Mephitic Cloud                 Conjuration/Poison/Air       3
Comestibles
 d - a bread ration


   Skills:
 - Level 1.7 Dodging
 - Level 1.7 Stealth
 * Level 4.2 Spellcasting
 * Level 3.5 Conjurations
   Level 1.0 Summonings
 - Level 0.8 Translocations


You couldn't memorise any spells.
You knew the following spells:

 Your Spells              Type           Power        Failure   Level  Hunger
a - Magic Dart            Conj           ####         1%          1    None
b - Blink                 Tloc           N/A          1%          2    None
c - Repel Missiles        Chrm/Air       ###...       2%          2    None
d - Mephitic Cloud        Conj/Pois/Air  ####....     3%          3    ##.....
e - Conjure Flame         Conj/Fire      ####....     2%          3    ##.....


Dungeon Overview and Level Annotations

Branches:
Dungeon (3/15)

Altars:
Gozag
Kikubaaqudgha

Annotations:
D:3 Grinder


Innate Abilities, Weirdness & Mutations

Your flesh is heat resistant.


Message History

Grinder is moderately wounded.
Grinder drinks a potion.
Grinder flickers and vanishes!
Deactivating autopickup; reactivate with Ctrl-A.
You closely miss something. Something hits you but does no damage.
You miss something. Something hits you!
* * * LOW HITPOINT WARNING * * *
You writhe in agony. x2
The gnoll hits you from afar with a spear.
* * * LOW HITPOINT WARNING * * *
Something hits you.
* * * LOW HITPOINT WARNING * * *
The gnoll hits you from afar with a spear.
* * * LOW HITPOINT WARNING * * *
Drink which item? (? for menu, Esc to quit)
It was a potion of brilliance.
You feel clever all of a sudden. Something hits you but does no damage.
The gnoll hits you from afar with a spear.
You die...
Your body crumbles into a pile of gold.

........# ........###
..........### ###
........#...### ..
........###...###.####
........# ###.##...>.##.
.)......# #.##........
.......## ###...........
..<....#.....#..@{g$....
.......#.......###......
.......#......## .....
..............# ....
.......#...... ...
........####.# ..
#####...####.# .
..####..##... #
...#...#.#


You could see a gnoll.

Vanquished Creatures
  3 adders
  5 gnolls
  2 worms (D:2)
  A dart slug (D:2)
  2 giant geckos (D:2)
  3 giant cockroaches
  5 goblins
  7 hobgoblins
  2 jackals (D:1)
  6 kobolds
  2 quokkas (D:2)
  A ball python (D:2)
  3 bats
  2 giant newts (D:1)
  4 rats
48 creatures vanquished.

Notes
Turn   | Place    | Note
--------------------------------------------------------------
     0 | D:1      | Chiseanne the Demonspawn Wizard began the quest for the Orb.
     0 | D:1      | Reached XP level 1. HP: 13/13 MP: 4/4
   458 | D:1      | Gained mutation: Your flesh is heat resistant. [demonic ancestry]
   458 | D:1      | Reached XP level 2. HP: 19/19 MP: 0/6
  1152 | D:2      | Found an ancient bone altar of Kikubaaqudgha.
  1654 | D:2      | Found an opulent altar of Gozag.
  1660 | D:2      | Became a worshipper of Gozag Ym Sagoz the Greedy
  1698 | D:2      | Reached XP level 3. HP: 24/24 MP: 4/7
  2332 | D:2      | Reached XP level 4. HP: 7/30 MP: 0/9
  2746 | D:3      | Reached skill level 4 in Spellcasting
  3115 | D:2      | Learned a level 2 spell: Blink
  3118 | D:2      | Learned a level 2 spell: Repel Missiles
  3122 | D:2      | Learned a level 3 spell: Mephitic Cloud
  3126 | D:2      | Learned a level 3 spell: Conjure Flame
  3356 | D:3      | Noticed Grinder
  3368 | D:3      | HP: 1/30 [gnoll/spear (2)]
  3369 | D:3      | Slain by a gnoll

Skill      XL: |  1  2  3  4 |
---------------+-------------+-----
Conjurations   | 2 3 |  3.5
Spellcasting   | 4 |  4.2
Dodging        | |  1.7
Stealth        | |  1.7
Summonings     | |  1.0
Translocations | |  0.8

Action                   |  1- 3 |  4- 6 || total
-------------------------+-------+-------++-------
Melee: Short sword       |    10 |       ||    10
       Club              |    18 |       ||    18
       Flail             |     3 |       ||     3
       Long sword        |       |     5 ||     5
       Spear             |       |     3 ||     3
 Cast: Magic Dart        |    82 |    49 ||   131
  Use: Scroll            |     2 |     1 ||     3
       Potion            |       |     2 ||     2
  Eat: Chunk             |     2 |       ||     2
       Fruit             |     3 |       ||     3
       Pizza             |     1 |       ||     1
       Bread ration      |       |     1 ||     1
Armor: Robe              |     2 |       ||     2
       Leather armour    |     2 |     3 ||     5
Dodge: Dodged            |    28 |     9 ||    37
